 Dungeon Crawl Stone Soup version 0.31-a0-1308-ga3cce3a448 (webtiles) character file.

Game seed: 1941245415551412660

2856 jasper the Reanimator (level 9, -4/66 (68) HPs)
             Began as a Demonspawn Necromancer on Dec 19, 2023.
             Was a Follower of Ashenzari.
             Slain by a wight
             ... wielding a +5 long sword of freezing
              (14 damage)
             ... on level 7 of the Dungeon.
             The game lasted 00:15:12 (6984 turns).

jasper the Reanimator (Demonspawn Necromancer)      Turns: 6984, Time: 00:15:12

HP:   -4/66 (68)    AC:  9    Str:  8    XL:     9   Next: 46%
MP:   12/12         EV: 12    Int: 20    God:    Ashenzari [*.....]
Gold: 1427          SH:  0    Dex: 14    Spells: 8/12 levels left

rFire   . .          .
                       - Unarmed
rCold   . . .        (no shield)
rNeg    . . .        i - +0 ring mail "Revealing Suspicion" {Fort, Elem} (curse)
rPois   .            (no helmet)
rElec   .            (no cloak)
rCorr   .            (no gloves)
SInv    .            b - +0 pair of boots "I Knew You'd Do That" {Cun, Comp} (curse)
Will    .....        s - amulet of magic regeneration
Stlth   +            (no ring)
HPRegen 0.31/turn    (no ring)
MPRegen 0.53/turn

%: no passive effects
@: lightly drained
A: claws 1, powered by death 1, sharp scales 2, demonic magic 1
a: Renounce Religion, Curse Item, Shatter the Chains


You were on level 7 of the Dungeon.
You worshipped Ashenzari.
Ashenzari was aware of your devotion.
You visited 2 branches of the dungeon, and saw 8 of its levels.

You collected 1427 gold pieces.

Inventory:

Hand Weapons
 d - a +0 hand axe
 e - a +2 vampiric dagger
 f - a +0 spear
 g - a +0 rapier
Missiles
 p - 11 boomerangs
 x - 6 atropa-tipped darts
Armour
 a - a +0 robe
 b - the cursed +0 pair of boots "I Knew You'd Do That" (worn) {Cun, Comp}
   (You found it on level 5 of the Dungeon)

   It has a curse which improves the following skills: Cunning: Dodging and
   Stealth.
   Companions: Summonings and Necromancy.
 h - a +0 pair of gloves
 i - the cursed +0 ring mail "Revealing Suspicion" (worn) {Fort, Elem}
   (You found it on level 2 of the Dungeon)

   It has a curse which improves the following skills: Fortitude: Armour and
   Shields.
   Elements:  Fire Magic, Ice Magic, Air Magic and Earth Magic.
 u - the +0 pair of boots "Qeif" {-Cast rN+ Dex+4}
   (You found it on level 6 of the Dungeon)

   Dex+4:     It affects your dexterity (+4).
   rN+:       It protects you from negative energy.
   -Cast:     It prevents spellcasting.
 v - a +0 ring mail
Jewellery
 s - an amulet of magic regeneration (around neck)
Talismans
 q - a serpent talisman
Wands
 c - a wand of quicksilver (13)
 j - a wand of charming (15)
 t - a wand of flame (21)
Scrolls
 m - a scroll of butterflies
 r - a scroll of immolation
 w - 2 scrolls of fog
Potions
 k - a potion of cancellation
 l - 3 potions of brilliance
 n - a potion of enlightenment


   Skills:
 + Level 5.0 Fighting
 + Level 4.5(5.3) Armour
 + Level 5.0(5.8) Dodging
 - Level 1.7(2.3) Stealth
 * Level 6.6 Unarmed Combat
 - Level 2.0 Spellcasting
 - Level 8.0(8.8) Necromancy


You had 8 spell levels left.
You knew the following spells:

 Your Spells              Type           Power      Damage    Failure   Level
a - Necrotise             Necr           100%       1d9       1%          1
b - Vampiric Draining     Necr           37%        2d8       3%          3

Your spell library contained the following spells:

 Spells                   Type           Power      Damage    Failure   Level
 Animate Dead             Necr           37%        N/A       12%         4
 Agony                    Necr           37%        N/A       32%         5
 Sandblast                Erth           4%         2d4       38%         1
 Passwall                 Tmut/Erth      1%         N/A       54%         2
 Dazzling Flash           Conj/Hex       4%         N/A       77%         3
 Gell's Gravitas          Tloc           2%         N/A       77%         3
 Stone Arrow              Conj/Erth      4%         3d7       77%         3
 Teleport Other           Tloc           2%         N/A       77%         3
 Volatile Blastmotes      Fire/Tloc      4%         2d10      77%         3
 Brom's Barrelling Bould  Conj/Erth      2%         2d3       99%         4
 Dispersal                Tloc           1%         N/A       100%        6
 Starburst                Conj/Fire      1%         6d3       100%        6
 Maxwell's Capacitive Co  Air            1%         ∞         100%        8


Dungeon Overview and Level Annotations

Branches:
Dungeon (7/15)             Temple (1/1) D:5

Altars:
Ashenzari
Gozag
Hepliaklqana
Nemelex Xobeh
Qazlal
Ru
Trog
Uskayaw
Vehumet
Wu Jian
Xom

Annotations:
D:3 2 transporters, DoNotCum's ghost, amateur DECj


Innate Abilities, Weirdness & Mutations

You have sharp fingernails.
You regenerate a little health from kills.
You are mostly covered in razor-sharp scales. (AC +2, Slay +2)
Spells you cast may paralyse adjacent enemies.


Message History

The wight hits you but does no damage.
You barely miss the wight.
The wight is lightly damaged.
The wight hits you with a +5 long sword of freezing!
The wight freezes you. The wight hits you but does no damage.
You take 15 damage, and have 53/68 hp.
MASSIVE DAMAGE!!
You scratch the wight.
The wight is moderately damaged.
The wight hits you with a +5 long sword of freezing.
The wight freezes you.
The wight hits you with a +5 spear of freezing.
The wight freezes you.
You take 18 damage, and have 35/68 hp.
MASSIVE DAMAGE!!
You scratch the wight.
The wight is heavily damaged.
The wight hits you with a +5 long sword of freezing!
You feel drained. The wight freezes you.
* * * LOW HITPOINT WARNING * * *
The wight barely misses you.
You take 19 damage, and have 16/66 hp.
MASSIVE DAMAGE!!
You scratch the wight.
The wight is heavily damaged.
The wight hits you with a +5 long sword of freezing.
* * * LOW HITPOINT WARNING * * *
The wight freezes you.
* * * LOW HITPOINT WARNING * * *
The wight hits you with a +5 spear of freezing.
* * * LOW HITPOINT WARNING * * *
The wight freezes you.
* * * LOW HITPOINT WARNING * * *
You take 12 damage, and have 4/66 hp.
Okay, then.
You feel better. The wight barely misses you.
The wight hits you with a +5 spear of freezing.
* * * LOW HITPOINT WARNING * * *
The wight freezes you.
* * * LOW HITPOINT WARNING * * *
You feel better.
The wight hits you with a +5 long sword of freezing!
You die...

.....!..# #...###..##
#..........# ##...#.....
#..........#####.....####
#...................##
#..........####......##
#..........# #........#
#...<......###........##
#........z..##.........##
#.......@z.....#.....#...
###########..###.....###.
##............###
#................
#.#............##
........#....#.....#...
.......................
....z####..(.#....##.##
..... ####...#.###...


You could see 2 wights.

Vanquished Creatures
  Pikel (D:5)
  A shadow (D:6)
  Menkaure (D:6)
  A water moccasin (D:6)
  4 ice beasts
  A black bear (D:5)
  2 sky beasts
  2 lemures (D:5)
  2 centaurs
  2 phantoms (D:5)
  A bullfrog (D:7)
  3 scorpions
  A howler monkey (D:4)
  4 hounds
  5 jellies
  A gnoll bouda (D:6)
  2 orc priests
  Terence (D:2)
  3 iguanas
  Ijyb (D:4)
  10 gnolls
  8 adders
  6 ufetubi
  2 worms (D:4)
  A dart slug (D:2)
  15 orcs
  5 endoplasms
  2 giant cockroaches
  9 goblins
  10 hobgoblins
  6 jackals (D:5)
  10 quokkas
  6 ball pythons
  3 bats
  3 frilled lizards
  5 kobolds
  5 rats
145 creatures vanquished.

Vanquished Creatures (collateral kills)
  An adder (D:4)
1 creature vanquished.

Grand Total: 146 creatures vanquished

Notes
Turn   | Place    | Note
-------+----------+-------------------------------------------
     0 | D:1      | jasper the Demonspawn Necromancer began the quest for the
                  | Orb.
     0 | D:1      | Reached XP level 1. HP: 13/13 MP: 3/3
   340 | D:1      | Gained mutation: You have sharp fingernails. [demonic
                  | ancestry]
   340 | D:1      | Reached XP level 2. HP: 19/19 MP: 1/5
   460 | D:1      | Reached skill level 5 in Necromancy
  1454 | D:2      | Noticed Terence
  1459 | D:2      | Gained mutation: You are partially covered in razor-sharp
                  | scales. (AC +1, Slay +1) [demonic ancestry]
  1459 | D:2      | Reached XP level 3. HP: 24/24 MP: 1/6
  1465 | D:1      | Learned a level 3 spell: Vampiric Draining
  1545 | D:2      | Killed Terence
  1546 | D:2      | Reached skill level 6 in Necromancy
  1767 | D:2      | Gained mutation: You are mostly covered in razor-sharp
                  | scales. (AC +2, Slay +2) [demonic ancestry]
  1767 | D:2      | Reached XP level 4. HP: 27/30 MP: 3/7
  1891 | D:2      | Found a broken altar of Ashenzari.
  2009 | D:2      | Became a worshipper of Ashenzari the Shackled
  2049 | D:2      | You fall into a shaft and drop 2 floors!
  2075 | D:4      | Noticed Ijyb
  2137 | D:4      | Killed Ijyb
  2322 | D:2      | Identified a scroll of acquirement
  2322 | D:2      | Acquired 811 gold pieces
  2357 | D:3      | Identified the +3 chain mail of Eramupaosm {rCorr}
  2436 | D:3      | Found a faded altar of an unknown god.
  2445 | D:3      | Found a transporter.
  2451 | D:3      | Noticed DoNotCum's ghost (amateur DECj)
  2451 | D:3      | Noticed an ogre
  2451 | D:3      | Noticed an ogre
  2452 | D:3      | Found a transporter.
  2610 | D:3      | Found a sacrificial altar of Ru.
  2631 | D:3      | Reached skill level 7 in Necromancy
  2661 | D:3      | Found a sparkling altar of Nemelex Xobeh.
  2692 | D:3      | Noticed a +0 dagger
  2693 | D:3      | Noticed a +0 dagger
  2694 | D:3      | Gained mutation: Spells you cast may paralyse adjacent
                  | enemies. [demonic ancestry]
  2694 | D:3      | Reached XP level 5. HP: 35/35 MP: 8/8
  2694 | D:3      | Found a hide-covered altar of Uskayaw.
  2716 | D:3      | HP: 1/35 [orc/+0 club (4)]
  3406 | D:4      | Reached skill level 8 in Necromancy
  3406 | D:4      | Gained mutation: You regenerate a little health from kills.
                  | [demonic ancestry]
  3406 | D:4      | Reached XP level 6. HP: 28/41 MP: 1/9
  3424 | D:4      | Reached skill level 1 in Unarmed Combat
  3427 | D:4      | Noticed a sky beast
  3451 | D:4      | Killed a sky beast
  3452 | D:4      | Reached skill level 1 in Fighting
  3452 | D:4      | Reached skill level 1 in Armour
  3693 | D:4      | Reached XP level 7. HP: 6/48 MP: 6/10
  3912 | D:4      | Found an opulent altar of Gozag.
  4230 | D:5      | Entered Level 5 of the Dungeon
  4470 | D:5      | Found a staircase to the Ecumenical Temple.
  4503 | Temple   | Entered the Ecumenical Temple
  4667 | D:5      | Noticed Pikel
  4698 | D:5      | Killed Pikel
  4699 | D:5      | Reached XP level 8. HP: 52/58 MP: 2/11
  5222 | D:5      | Reached skill level 5 in Unarmed Combat
  5398 | D:6      | Noticed Menkaure
  5399 | D:6      | Reached * piety under Ashenzari
  5411 | D:6      | Killed Menkaure
  5594 | D:6      | Reached XP level 9. HP: 57/65 MP: 10/12
  6172 | D:6      | Identified the +0 pair of boots "Qeif" {-Cast rN+ Dex+4}
  6673 | D:7      | Found a stormy altar of Qazlal.
  6787 | D:7      | Reached skill level 5 in Dodging
  6796 | D:7      | Reached skill level 5 in Fighting
  6984 | D:7      | Slain by a wight

Illustrated notes

Levels and vault maps discovered:
D:1:      evilmike_arrival_fibonacci_small, layout_basic
D:2:      layout_rooms, basic_altar, uniq_terence
D:3:      layout_basic, dancing_weapons_uskayaw,
          mainiacjoe_overflow_catch_the_wave, gammafunk_ghost_smash,
          ebering_ecumenical_altar_webs, chequers_serial_rivers_marsh,
          corexii_hall_statues_s, nrook_campfire
D:4:      layout_cave_pools, mainiacjoe_overflow_six_doors_small,
          dk_noncrumbling_4, ebering_dispersal_statue_hall, minmay_distorted,
          uniq_ijyb
D:5:      layout_rooms, minmay_temple_entry_mist, st_stairs_4,
          nicolae_elevator_lobby_asterisk, uniq_pikel
D:6:      nicolae_cairo_tiling_large, layout_loops_corners, uniq_menkaure
D:7:      layout_rooms, tso_oasis_becter, amcnicky_altar_gilded
Temple:   nicolae_temple_ecumenical_triangle

Skill      XL: |  1  2  3  4  5  6  7  8  9 |
---------------+----------------------------+-----
Necromancy     | 5 6 7 8 |  8.0
Dodging        | 2 3 4 5 |  5.0
Unarmed Combat | 2 4 5 6 |  6.6
Fighting       | 1 3 4 5 |  5.0
Armour         | 1 2 3 4 |  4.5
Stealth        | |  1.7
Spellcasting   | |  2.0

Action                     |  1- 3 |  4- 6 |  7- 9 || total
---------------------------+-------+-------+-------++-------
  Melee: Hand axe          |     6 |       |       ||     6
         Dagger            |    10 |       |       ||    10
         Unarmed           |    35 |   211 |   334 ||   580
         Punch             |       |     2 |    16 ||    18
   Cast: Necrotise         |    34 |     3 |       ||    37
         Vampiric Draining |     3 |    16 |    23 ||    42
 Invoke: Curse Item        |       |     1 |     1 ||     2
    Use: Scroll            |       |     8 |     4 ||    12
         Potion            |       |     3 |     2 ||     5
   Stab: Paralysed         |       |     5 |    23 ||    28
         Sleeping          |       |       |     2 ||     2
 Armour: Robe              |    18 |       |       ||    18
         Ring mail         |     8 |   160 |   240 ||   408
  Dodge: Dodged            |    28 |   104 |   193 ||   325

Table legend: (Time is in decaauts)
 A = Elapsed time spent in this place.
 B = Non-inter-level travel time spent in this place.
 C = Inter-level travel time spent in this place.
 D = Time resting spent in this place.
 E = Time spent auto-exploring this place.
 F = Levels seen in this place.
 G = Mean time per level.
                   A        B        C        D        E       F      G
               +--------+--------+--------+--------+--------+-----+--------+
         Total |   6961 |   6670 |    291 |    236 |   4970 |   8 |  870.1 |
       Dungeon |   6942 |   6659 |    283 |    236 |   4970 |   7 |  991.7 |
        Temple |     19 |     11 |      8 |      0 |      0 |   1 |   19.0 |
               +--------+--------+--------+--------+--------+-----+--------+

Top non-repeatable levels by time:
     D:1: 1496 daAuts
     D:6: 1182 daAuts
     D:5: 1140 daAuts
     D:4: 1000 daAuts
     D:3: 992 daAuts
     D:2: 742 daAuts
     D:7: 387 daAuts
  Temple: 19 daAuts
